 Dungeon Crawl Stone Soup version 0.30-a0-879-ga8ba668304 (webtiles) character file.

Game seed: 7137065235624138570

27 Indecide the Vexing (level 3, -1/26 HPs)
             Began as a Barachi Hexslinger on Mar 13, 2023.
             Slain by Jessica
             ... wielding a +1 dagger of holy wrath
              (4 damage)
             ... on level 2 of the Dungeon.
             The game lasted 00:09:06 (762 turns).

Indecide the Vexing (Barachi Hexslinger)             Turns: 762, Time: 00:09:07

Health: -1/26      AC:  2    Str: 11    XL:     3   Next: 10%
Magic:  4/4        EV: 12    Int: 13    God:
Gold:   49         SH:  0    Dex: 14    Spells: 3/4 levels left

rFire   . . .      SeeInvis .    a - +1 sling
rCold   . . .      Faith    .    (no shield)
rNeg    . . .      Spirit   .    c - +0 robe
rPois   .          Reflect  .    (no helmet)
rElec   .          Rampage  .    e - scarf {repulsion}
rCorr   .                        (no gloves)
Will    .....                    (no boots)
Stlth   +                        (no amulet)
HPRegen 0.24/turn                (no ring)
MPRegen 0.09/turn                (no ring)

@: slowed, repel missiles, very slow
A: amphibious, slowness 1, strong legs 1, +LOS
a: Hop


You were on level 2 of the Dungeon.
You visited 1 branch of the dungeon, and saw 2 of its levels.

You collected 49 gold pieces.

Inventory:

Hand Weapons
 a - a +1 sling (weapon)
 f - a +2 rapier of flaming
 r - a +0 trident
Missiles
 g - 3 stones
 m - 3 poisoned darts (quivered)
Armour
 c - a +0 robe (worn)
 e - a scarf of repulsion (worn)
 i - a +0 plate armour
 n - a +0 chain mail
Scrolls
 d - a scroll of amnesia {unknown}
 p - a scroll of teleportation {unknown}
Potions
 h - a potion of brilliance {unknown}
 j - 2 potions of attraction {unknown}
 k - a potion of magic {unknown}
 l - a potion of invisibility {unknown}
 o - 2 potions of flight {unknown}
 q - a potion of lignification {unknown}


   Skills:
 + Level 1.4 Fighting
 + Level 2.6 Ranged Weapons
 + Level 2.3 Dodging
 + Level 1.2 Spellcasting
 + Level 3.9 Hexes


You had 3 spell levels left.
You knew the following spells:

 Your Spells              Type           Power      Damage    Failure   Level
a - Slow                  Hex            40%        N/A       5%          1

Your spell library contained the following spells:

 Spells                   Type           Power      Damage    Failure   Level
 Inner Flame              Hex/Fire       5%         N/A       36%         3
 Portal Projectile        Hex/Tloc       10%        N/A       36%         3
 Cause Fear               Hex            5%         N/A       50%         4


Dungeon Overview and Level Annotations

Branches:
Dungeon (2/15)

Altars:

Annotations:
D:2 Jessica


Innate Abilities, Weirdness & Mutations

You are amphibious.
You cover ground slowly.
You can hop short distances.
You have an extended range of vision and can be seen from far away.


Message History

You resist with some effort.
You shoot a sling bullet.
The sling bullet closely misses Jessica.
Jessica hits you with a +1 dagger of holy wrath.
You shoot a sling bullet. The sling bullet hits Jessica.
Jessica is severely wounded.
Jessica hits you with a +1 dagger of holy wrath.
You shoot a sling bullet. The sling bullet hits Jessica.
Jessica is almost dead.
You hear an angry hiss.
A ball python comes into view.
You shoot a sling bullet.
The sling bullet hits Jessica but does no damage.
Jessica is almost dead.
Jessica is no longer moving slowly.
Jessica hits you with a +1 dagger of holy wrath.
* * * LOW HITPOINT WARNING * * *
You shoot a sling bullet. The sling bullet barely misses Jessica.
The sling bullet hits the ball python.
You kill the ball python!
Jessica barely misses you.
Jessica casts a spell.
Jessica seems to speed up.
You shoot a sling bullet.
The sling bullet hits Jessica but does no damage.
Jessica is almost dead.
Jessica hits you with a +1 dagger of holy wrath.
* * * LOW HITPOINT WARNING * * *
You shoot a sling bullet.
The sling bullet completely misses Jessica.
Jessica hits you with a +1 dagger of holy wrath.
* * * LOW HITPOINT WARNING * * *
Jessica very coldly says, "I hate your company."
Jessica misses you.
The air fills with toxic fumes!
As you read the scroll of poison, it crumbles to dust.
Jessica gestures at you while chanting.
You feel yourself slow down.
Jessica hits you with a +1 dagger of holy wrath.
You die...

######<#.#
#........#
#.####.#.#
#......#.#
##########.#
#§§........#
#§##########
#§# #@# #@#
#§# §§§
.§§§<
#§#§###
#§#§§ #§###
#


You could see Jessica (fast).

Vanquished Creatures
  A dart slug (D:1)
  3 ball pythons
  3 endoplasms
  A giant cockroach (D:1)
  3 hobgoblins
  A kobold (D:1)
  3 bats (D:1)
  A frilled lizard (D:1)
  5 goblins (D:1)
  2 rats (D:1)
23 creatures vanquished.

Notes
Turn   | Place    | Note
-------+----------+-------------------------------------------
     0 | D:1      | Indecide the Barachi Hexslinger began the quest for the
                  | Orb.
     0 | D:1      | Reached XP level 1. HP: 15/15 MP: 2/2
   174 | D:1      | Reached XP level 2. HP: 14/21 MP: 1/3
   466 | D:1      | Reached XP level 3. HP: 25/26 MP: 2/4
   742 | D:2      | Noticed Jessica
   762 | D:2      | Slain by Jessica

Illustrated notes

Levels and vault maps discovered:
D:1:      zaba_arrival_water, layout_basic
D:2:      layout_basic, nicolae_figureground_pulse, uniq_natasha, uniq_jessica

Action                     || total
---------------------------++-------
   Fire: Sling             ||    92
   Cast: Slow              ||    13
    Use: Scroll            ||     1
 Armour: Robe              ||    11
  Dodge: Dodged            ||    25

Table legend: (Time is in decaauts)
 A = Elapsed time spent in this place.
 B = Non-inter-level travel time spent in this place.
 C = Inter-level travel time spent in this place.
 D = Time resting spent in this place.
 E = Time spent auto-exploring this place.
 F = Levels seen in this place.
 G = Mean time per level.
                   A        B        C        D        E       F      G
               +--------+--------+--------+--------+--------+-----+--------+
         Total |    910 |    910 |      0 |      0 |    382 |   2 |  455.0 |
       Dungeon |    910 |    910 |      0 |      0 |    382 |   2 |  455.0 |
               +--------+--------+--------+--------+--------+-----+--------+

Top non-repeatable levels by time:
     D:1: 826 daAuts
     D:2: 83 daAuts
